 Dungeon Crawl Stone Soup version 0.02-207-g49f19f9342 (webtiles) character file.

Game seed: 17544253631302966593, levelgen mode: deterministic

5 MisterOstroum the Magician (level 1, -1/14 HPs) Immature Draconian Wizard. Began on Nov 29, 2020. Slain by a cinder newt (3 damage) ... on level 1 of the Dungeon. The game lasted 00:00:23 (78 turns).

MisterOstroum the Magician (DrWz)                     Turns: 78, Time: 00:00:23

Health: -1/14      AC:  5    Str:  9    XL:     1 ^: 4
Magic:  0/5        EV: 12    Int: 18    God:
Gold:   0          SH:  0    Dex:  9    Spells: 7/8 levels left

rFire    . . .     Vision   .   c - +0 spear
rCold    . . .     Gourm    .   (no weapon)
rNeg     . . .     Faith    .   (armour unavailable)
rPois    .         Spirit   .   a - +0 hat
rElec    .         Reflect  .   (no cloak)
rCorr    .         Harm     .   (no gloves)
MR       .....                  (no boots)
Stlth    +.........             (no amulet)
HPRegen  0.14/turn              (no ring)
MPRegen  0.15/turn              (no ring)

@: no status effects
A: no body armour, unfitting armour, cold-blooded, AC +5
a: Breathe Dart


You were on level 1 of the Dungeon.
You were not hungry.

You visited 1 branch of the dungeon, and saw 1 of its levels.

Inventory:

Weapons
 c - a +0 spear (weapon)
Armour
 a - a +0 hat (worn)
Potions
 b - a potion of invisibility
Comestibles
 e - 3 rations


   Skills:
 - Level 1.5 Dodging
 - Level 1.4 Stealth
 - Level 4.0 Spellcasting
   Level 1.5 Summonings
   Level 0.7 Translocations
 + Level 1.0 Fire Magic


You had 7 spell levels left.
You knew the following spells:

 Your Spells              Type           Power        Failure   Level  Hunger
a - Flame Tongue          Fire           7 (30)       10%         1    None

Your spell library contained the following spells:

 Spells                   Type           Power        Failure   Level  Hunger
 Call Imp                 Summ           9 (100)      12%         2    ##.....
 Blink                    Tloc           N/A          17%         2    ##.....
 Slow                     Hex            3 (100)      22%         2    ##.....
 Conjure Flame            Fire           7 (100)      28%         3    ###....
 Mephitic Cloud           Pois/Air       3 (100)      41%         3    ###....


Dungeon Overview and Level Annotations

Branches:
Dungeon (1/8)

Altars:


Innate Abilities, Weirdness & Mutations

You cannot fit into any form of body armour.
Your plain brown scales are hard. (AC +5)
You can breathe rudimentary magical darts.
You are cold-blooded and may be slowed by cold attacks.


Message History

Aim: an ooze (moderately wounded (8/12))
The flame tongue hits the ooze (3).
The ooze is heavily wounded. (5/12) HP The ooze hits you but does no damage.
Casting: Flame Tongue (safe; 14% risk of failure)
Confirm with . or Enter, or press ? or * to list all spells.
Aiming: Flame Tongue (safe; 14% risk of failure)
Press: ? - help, Shift-Dir - straight line, f/p - ooze
Aim: an ooze (heavily wounded (5/12))
The flame tongue hits the ooze (3).
The ooze is almost dead. (2/12) HP The ooze barely misses you (0).
Casting: Flame Tongue (safe; 14% risk of failure)
Confirm with . or Enter, or press ? or * to list all spells.
Aiming: Flame Tongue (safe; 14% risk of failure)
Press: ? - help, Shift-Dir - straight line, f/p - ooze
Aim: an ooze (almost dead (2/12))
The flame tongue hits the ooze (6).
You kill the ooze!
Your Fire Magic skill increases to level 1!
Casting: Flame Tongue (safe; 10% risk of failure)
Confirm with . or Enter, or press ? or * to list all spells.
You don't have enough magic to cast that spell.
b - a potion of invisibility You see here a +0 spear.
c - a +0 spear Wield which item (- for none, * to show all)? (? for menu, Esc to quit)
c - a +0 spear (weapon)
Your magical contamination has completely faded away.
Magic restored.
A cinder newt comes into view.
A cinder newt is nearby!
A cinder newt is nearby!
A cinder newt is nearby!
The cinder newt hisses angrily.
No target in view!
A rat comes into view.
Attack whom?
Press: ? - help, Dir - move target cursor, f - cinder newt
Aim: a cinder newt (healthy (12/12))
You reach to attack!
You hit the cinder newt (1). You closely miss the cinder newt.
You barely miss the cinder newt. The cinder newt bites you (0).
The cinder newt burns you!
You barely miss the cinder newt. You hit the cinder newt (1).
The cinder newt is lightly wounded. (10/12) HP The cinder newt bites you (0).
The cinder newt burns you! The cinder newt bites you (0).
The cinder newt burns you!
You are too injured to fight recklessly!
Casting: Flame Tongue (safe; 10% risk of failure)
Confirm with . or Enter, or press ? or * to list all spells.
Aiming: Flame Tongue (safe; 10% risk of failure)
Press: ? - help, Shift-Dir - straight line, f/p - cinder newt
Aim: a cinder newt (lightly wounded (10/12))
The flame tongue hits the cinder newt (2).
The cinder newt resists.
The cinder newt is moderately wounded. (8/12) HP The cinder newt bites you (0).
The cinder newt burns you!
Casting: Flame Tongue (safe; 10% risk of failure)
Confirm with . or Enter, or press ? or * to list all spells.
Aiming: Flame Tongue (safe; 10% risk of failure)
Press: ? - help, Shift-Dir - straight line, f/p - cinder newt
Aim: a cinder newt (moderately wounded (8/12))
The flame tongue hits the cinder newt (3).
The cinder newt resists.
The cinder newt is heavily wounded. (5/12) HP The cinder newt misses you (0).
Casting: Flame Tongue (safe; 10% risk of failure)
Confirm with . or Enter, or press ? or * to list all spells.
Aiming: Flame Tongue (safe; 10% risk of failure)
Press: ? - help, Shift-Dir - straight line, f/p - cinder newt
Aim: a cinder newt (heavily wounded (5/12))
The flame tongue misses the cinder newt.
The flame tongue hits the rat (3).
You kill the rat!
The cinder newt misses you (0).
Unknown command.
Unknown command.
Casting: Flame Tongue (safe; 10% risk of failure)
Confirm with . or Enter, or press ? or * to list all spells.
Aiming: Flame Tongue (safe; 10% risk of failure)
Press: ? - help, Shift-Dir - straight line, f/p - cinder newt
Aim: a cinder newt (heavily wounded (5/12))
The flame tongue misses the cinder newt.
The cinder newt bites you (0). The cinder newt burns you!
* * * LOW HITPOINT WARNING * * *
Casting: Flame Tongue (safe; 10% risk of failure)
Confirm with . or Enter, or press ? or * to list all spells.
Aiming: Flame Tongue (safe; 10% risk of failure)
Press: ? - help, Shift-Dir - straight line, f/p - cinder newt
Aim: a cinder newt (heavily wounded (5/12))
The flame tongue hits the cinder newt (2).
The cinder newt resists.
The cinder newt is severely wounded. (3/12) HP The cinder newt barely misses you (0).
You miss the cinder newt. You hit the cinder newt (1).
The cinder newt is almost dead. (2/12) HP The cinder newt bites you (1).
* * * LOW HITPOINT WARNING * * *
The cinder newt burns you!
You die... ############## #.........≈P≈# #.<.###.##P≈≈# #...# #.##PPP#### #.### #P≈P##.##.. #. #PP≈##.##.#### #. #≈P≈...##.... #.
P≈≈#####.##..#####.. #.
P≈P

#.#..@l†..... #. PP
###.#...#......
#...#.#≈#......
##.###......>.......
.........#.#≈≈#..###
#######.##.#..# ...
#.............. ##
####.###..###### #.
..#


You could see a cinder newt.

Vanquished Creatures
  An ooze (D:1)
  A rat (D:1)
2 creatures vanquished.

Notes
Turn   | Place    | Note
-------+----------+-------------------------------------------
     0 | D:1      | MisterOstroum the Immature Draconian Wizard began the quest
                  | for the Orb.
     0 | D:1      | Reached XP level 1. HP: 14/14 MP: 5/5
    28 | D:1      | Reached skill level 1 in Fire Magic
    78 | D:1      | Slain by a cinder newt

Levels and vault maps discovered:
D:1:      psy_arrival_conway, layout_basic, minmay_between, portal_sewer_entry_c

Skill      XL: |  1 |
---------------+----+-----
Fire Magic     | 1 |  1.0
Dodging        | |  1.5
Stealth        | |  1.4
Spellcasting   | |  4.0
Summonings     | |  1.5
Translocations | |  0.7

Action                   || total
-------------------------++-------
Melee: Spear             ||     4
       Unarmed           ||     3
 Cast: Flame Tongue      ||     9
Armor: Skin              ||     6
Dodge: Dodged            ||     4
